 Dungeon Crawl Stone Soup version 0.30-a0-986-g7f2e898f52 (webtiles) character file.

Game seed: 5940078040002864216

840 Demosthentine the Ducker (level 7, -2/55 HPs)
             Began as a Demonspawn Gladiator on Apr 2, 2023.
             Slain by an iguana (5 damage)
             ... on level 5 of the Dungeon.
             The game lasted 00:04:46 (4762 turns).

Demosthentine the Ducker (Demonspawn Gladiator)     Turns: 4762, Time: 00:04:47

Health: -2/55      AC:  4    Str: 16    XL:     7   Next: 67%
Magic:  0/7        EV: 13    Int: 10    God:
Gold:   259        SH:  0    Dex: 14    Spells: 6/6 levels left

rFire   . . .      SeeInvis .      - Unarmed
rCold   . . .      Faith    .    (no shield)
rNeg    . . .      Spirit   +    b - +0 leather armour
rPois   .          Reflect  .    c - +0 helmet
rElec   .          Rampage  .    (no cloak)
rCorr   .                        (no gloves)
Will    .....                    (no boots)
Stlth   +                        r - amulet of guardian spirit
HPRegen 0.29/turn                (no ring)
MPRegen 0.10/turn                (no ring)

@: mighty
A: claws 2, powered by pain 1, weakness stinger 2
a: no special abilities


You were on level 5 of the Dungeon.
You visited 1 branch of the dungeon, and saw 5 of its levels.

You collected 259 gold pieces.

Inventory:

Missiles
 e - 10 javelins (quivered)
Armour
 b - a +0 leather armour (worn)
 c - a +0 helmet (worn)
 f - a +0 pair of boots
Jewellery
 r - an amulet of guardian spirit (around neck)
 u - a +6 ring of strength
Scrolls
 a - a scroll of blinking
 h - 3 scrolls of summoning
 i - 3 scrolls of amnesia
 o - 3 scrolls of fear
 s - 2 scrolls of fog {unknown}
 v - a scroll of acquirement {unknown}
Potions
 g - a potion of mutation
 j - 2 potions of lignification {unknown}
 m - 2 potions of ambrosia {unknown}
 n - a potion of haste
 p - a potion of magic
 q - a potion of attraction {unknown}
 t - a potion of invisibility {unknown}


   Skills:
 + Level 4.6 Fighting
 - Level 2.9 Polearms
 - Level 1.7 Throwing
 + Level 3.7 Armour
 + Level 4.7 Dodging
 + Level 3.5 Unarmed Combat


You had 6 spell levels left.
You didn't know any spells.
Your spell library contained the following spells:

 Spells                   Type           Power      Damage    Failure   Level
 Sting                    Tmut/Pois      0%         1d3       41%         1
 Summon Small Mammal      Summ           0%         N/A       41%         1
 Poisonous Vapours        Pois/Air       0%         N/A       56%         2
 Call Canine Familiar     Summ           0%         N/A       80%         3
 Ozocubu's Armour         Ice            0%         N/A       80%         3
 Portal Projectile        Hex/Tloc       0%         N/A       80%         3
 Summon Guardian Golem    Hex/Summ       0%         N/A       80%         3
 Vhi's Electric Charge    Tloc/Air       0%         N/A       80%         3
 Leda's Liquefaction      Hex/Erth       0%         N/A       99%         4
 Olgreb's Toxic Radiance  Pois           0%         N/A       99%         4
 Arcjolt                  Conj/Air       0%         1d10      100%        5
 Metabolic Englaciation   Hex/Ice        0%         N/A       100%        5
 Simulacrum               Ice/Necr       0%         N/A       100%        6
 Maxwell's Capacitive Co  Air            0%         ∞         100%        8


Dungeon Overview and Level Annotations

Branches:
Dungeon (5/15)
 Temple: D:4-7

Altars:
Cheibriados
Gozag
Kikubaaqudgha
Makhleb
Nemelex Xobeh
Okawaru
Sif Muna
Trog
Uskayaw
Vehumet
Wu Jian


Innate Abilities, Weirdness & Mutations

You have very sharp fingernails.
You sometimes gain a little power by taking damage.
You have a tail ending in a sharp stinger.


Message History

You completely miss the ice beast.
The ice beast is lightly wounded.
You completely miss the ice beast.
The ice beast is lightly wounded.
The ice beast struggles against the net.
You scratch the ice beast.
The ice beast is moderately wounded.
The ice beast struggles against the net.
You scratch the ice beast but do no damage.
The ice beast is moderately wounded.
The ice beast struggles against the net.
You scratch the ice beast.
The ice beast is moderately wounded.
The ice beast struggles against the net.
You scratch the ice beast.
The ice beast is heavily wounded.
The ice beast struggles against the net.
The net rips apart, and the ice beast comes free!
You scratch the ice beast.
The ice beast is heavily wounded.
The ice beast hits you.
* * * LOW HITPOINT WARNING * * *
The ice beast freezes you!
* * * LOW HITPOINT WARNING * * *
You focus on the pain.
You feel your power returning.
Unknown command.
You feel very mighty all of a sudden. The ice beast hits you.
* * * LOW HITPOINT WARNING * * *
The ice beast freezes you.
* * * LOW HITPOINT WARNING * * *
You scratch the ice beast.
The ice beast is severely wounded.
The ice beast hits you but does no damage.
You claw the ice beast!
You kill the ice beast!
You closely miss the iguana. You tail-slap the iguana!
The iguana is severely wounded.
The iguana bites you!
You die...

#.## #.# #..#..### # # #.#
#.# #.##### ### #.# #.#
#.# ##.#### #.# #.# #.#
#....>. #.# #.# #.#
#..#### #.######.## #†#
#..# #.........# #.#
#..#### ########..#
#l###########..##.. #<.#
#.@............##.# #..#
##############.....
#..##################..###
#......................# #
#.......##############.###
######### #.... #####


You could see an iguana.

Vanquished Creatures
  An ice beast (D:5)
  A black bear (D:4)
  2 ogres (D:4)
  A phantom (D:3)
  A scorpion (D:5)
  2 hounds
  Ijyb (D:5)
  An iguana (D:4)
  3 orc wizards
  6 adders
  An ufetubus (D:5)
  A worm (D:3)
  A dart slug (D:1)
  7 orcs
  4 bats
  14 endoplasms
  2 giant cockroaches
  11 goblins
  7 hobgoblins
  8 jackals
  8 kobolds
  3 quokkas
  6 ball pythons
  6 frilled lizards
  4 rats
102 creatures vanquished.

Notes
Turn   | Place    | Note
-------+----------+-------------------------------------------
     0 | D:1      | Demosthentine the Demonspawn Gladiator began the quest for
                  | the Orb.
     0 | D:1      | Reached XP level 1. HP: 16/16 MP: 1/1
    12 | D:1      | Found a faded altar of an unknown god.
   117 | D:1      | Discovered your monstrous ancestry.
   117 | D:1      | Gained mutation: You have sharp fingernails. [demonic
                  | ancestry]
   117 | D:1      | Reached XP level 2. HP: 22/22 MP: 2/2
   283 | D:1      | Reached skill level 1 in Armour
   380 | D:1      | Gained mutation: You have a small tail. [demonic ancestry]
   380 | D:1      | Reached XP level 3. HP: 28/28 MP: 3/3
  1363 | D:2      | Reached skill level 1 in Unarmed Combat
  1937 | D:2      | Gained mutation: You sometimes gain a little power by
                  | taking damage. [demonic ancestry]
  1937 | D:2      | Reached XP level 4. HP: 34/34 MP: 4/4
  2045 | D:3      | Found a bloodstained altar of Trog.
  2045 | D:3      | Found an ancient bone altar of Kikubaaqudgha.
  2678 | D:3      | Noticed a phantom
  2694 | D:3      | Killed a phantom
  2695 | D:3      | Gained mutation: You have very sharp fingernails. [demonic
                  | ancestry]
  2695 | D:3      | Reached XP level 5. HP: 28/41 MP: 5/5
  2811 | D:3      | Found a burning altar of Makhleb.
  2812 | D:3      | Found an iron altar of Okawaru.
  2812 | D:3      | Found a shimmering blue altar of Sif Muna.
  2812 | D:3      | Found a hide-covered altar of Uskayaw.
  2812 | D:3      | Found an ornate altar of the Wu Jian Council.
  2813 | D:3      | Found a sparkling altar of Nemelex Xobeh.
  2814 | D:3      | Found an opulent altar of Gozag.
  2815 | D:3      | Found a snail-covered altar of Cheibriados.
  2816 | D:3      | Found a radiant altar of Vehumet.
  3217 | D:4      | Noticed an ogre
  3230 | D:4      | Killed an ogre
  3231 | D:4      | Reached XP level 6. HP: 24/47 MP: 6/6
  3924 | D:4      | Gained mutation: You have a tail ending in a sharp stinger.
                  | [demonic ancestry]
  3924 | D:4      | Reached XP level 7. HP: 54/54 MP: 7/7
  3942 | D:5      | Entered Level 5 of the Dungeon
  4119 | D:5      | Noticed Ijyb
  4137 | D:5      | Killed Ijyb
  4762 | D:5      | Slain by an iguana

Illustrated notes

Levels and vault maps discovered:
D:1:      dpeg_arrival_pond, layout_loops_ring,
          ebering_ecumenical_altar_sacrificial
D:2:      layout_basic, solitary_fountain
D:3:      layout_basic, minitemple
D:4:      layout_basic, serial_bayou_pond_e, grunt_ministairs_8
D:5:      minmay_razor_zed, layout_loops_ring, uniq_ijyb, uniq_eustachio

Skill      XL: |  1  2  3  4  5  6  7 |
---------------+----------------------+-----
Dodging        | 3 4 |  4.7
Armour         | 1 2 3 |  3.7
Unarmed Combat | 1 2 3 |  3.5
Fighting       | 3 4 |  4.6
Polearms       | |  2.9
Throwing       | |  1.7

Action                     |  1- 3 |  4- 6 |  7- 9 || total
---------------------------+-------+-------+-------++-------
  Melee: Trident           |    19 |       |       ||    19
         Unarmed           |   171 |   150 |   102 ||   423
         Tailslap          |    12 |    17 |    12 ||    41
         Punch             |     1 |     1 |     2 ||     4
  Throw: Throwing net      |       |     3 |     2 ||     5
    Use: Scroll            |     5 |     7 |     3 ||    15
         Potion            |     3 |       |     3 ||     6
   Stab: Sleeping          |       |     3 |       ||     3
 Armour: Leather armour    |    65 |    32 |    27 ||   124
  Dodge: Dodged            |   141 |    74 |    51 ||   266

Table legend: (Time is in decaauts)
 A = Elapsed time spent in this place.
 B = Non-inter-level travel time spent in this place.
 C = Inter-level travel time spent in this place.
 D = Time resting spent in this place.
 E = Time spent auto-exploring this place.
 F = Levels seen in this place.
 G = Mean time per level.
                   A        B        C        D        E       F      G
               +--------+--------+--------+--------+--------+-----+--------+
         Total |   4750 |   4695 |     55 |    181 |   3623 |   5 |  950.0 |
       Dungeon |   4750 |   4695 |     55 |    181 |   3623 |   5 |  950.0 |
               +--------+--------+--------+--------+--------+-----+--------+

Top non-repeatable levels by time:
     D:2: 1021 daAuts
     D:1: 988 daAuts
     D:3: 977 daAuts
     D:4: 949 daAuts
     D:5: 812 daAuts
